Construct Infanterie Kompanie
Selects Luftwaffe Battlegroup
Selects Luftwaffe Pioneer Support
Fallschirmpioneer Squad Paradrop
Fallschirmpioneer Squad Paradrop
Fallschirmpioneer Squad Paradrop
Construct Panzergrenadier Kompanie
Selects Stuka Strafing Run
Selects Fallschirmjäger Squad Paradrop
Pak 40 Anti-tank Gun Team
Fallschirmjäger Squad Paradrop
Selects Flak 38 Anti-Air Emplacement
Construct Panzer Kompanie
Fallschirmjäger Squad Paradrop
Fallschirmjäger Squad Paradrop
Selects Infantry Reserves